Map: Submarine LE

Players

Kììì - Winner!

  • Race: Protoss Protoss
  • League: Master
  • Spawn Location: 5:00

EasyKatka

  • Race: Terran Terran
  • League: Diamond
  • Spawn Location: 11:00

VOD

https://www.twitch.tv/videos/749329724

Description

Rushing out a MotherShip at 6:00 Opponent pushes Twice in this Match.

Time

  • Played on: Sept. 22, 2020, 2:46 p.m.
  • Length: 7:20
Show
View Real Time Build Order
Export as new Build Order

Kììì Protoss - Winner!

Build Orders: 1 Gate Expand 

Get SALT Encoding   

  12  0:00  Probe  
  13  0:12  Probe  
  14  0:18  Pylon  
  14  0:24  Probe (Chrono Boost)  
  15  0:37  Probe (Chrono Boost), Assimilator  
  15  0:42  Probe  
  16  0:46  Gateway  
  17  0:54  Probe  
  18  1:06  Probe  
  19  1:19  Nexus  
  19  1:23  Probe  
  20  1:28  Assimilator  
  20  1:36  Cybernetics Core  
  20  1:43  Pylon  
  20  1:46  Probe  
  21  1:59  Probe  
  22  2:11  Probe, Stalker (Chrono Boost)  
  25  2:17  Warp Gate  
  25  2:28  Pylon  
  25  2:31  Gateway  
  25  2:33  Probe, Stalker  
  28  2:37  Probe  
  29  2:47  Probe  
  29  2:48  Stargate  
  29  2:50  Probe  
  31  2:58  Assimilator  
  31  2:59  Probe  
  31  3:03  Probe  
  33  3:11  Probe  
  34  3:15  Probe  
  35  3:23  Probe  
  37  3:27  Probe  
  37  3:32  Fleet Beacon  
  37  3:35  Probe  
  37  3:39  Probe  
  39  3:47  Probe  
  36  4:00  Oracle (Chrono Boost)  
  39  4:08  Gateway  
  39  4:18  Mothership (Chrono Boost)  
  47  4:35  Stalker  
  47  4:36  Zealot  
  51  4:40  Probe (Chrono Boost)  
  51  4:48  Probe (Chrono Boost)  
  52  4:53  Probe (Chrono Boost)  
  53  5:02  Pylon  
  53  5:03  Pylon  
  53  5:05  Probe (Chrono Boost), Nexus  
  54  5:07  Pylon  
  54  5:17  Pylon  
  54  5:20  Gateway  
  55  5:22  Gateway, Probe (Chrono Boost)  
  55  5:24  Forge  
  55  5:31  Assimilator  
  55  5:33  Oracle  
  59  5:38  Probe (Chrono Boost)  
  59  5:39  Stalker  
  59  5:42  Zealot  
  62  5:45  Probe (Chrono Boost)  
  62  5:48  Stalker  
  65  5:56  Gateway  
  62  6:13  Stalker, Zealot x2  
  66  6:28  Stalker, Zealot  
  70  6:35  Zealot x2  
  70  6:38  Adept  
  76  6:51  Gateway x2  
  76  6:52  Stalker x3  
  82  6:54  Stalker  
  82  6:55  Stalker  
  67  7:15  Stalker  
  67  7:16  Zealot x3  
Show
View Real Time Build Order
Export as new Build Order

EasyKatka Terran 

Build Orders:  

Get SALT Encoding   

  12  0:00  SCV  
  13  0:12  SCV  
  14  0:18  Supply Depot  
  14  0:25  SCV  
  14  0:28  Refinery  
  15  0:40  SCV  
  16  0:44  Barracks  
  16  0:52  SCV  
  16  0:56  Refinery  
  17  1:04  SCV  
  18  1:16  SCV  
  19  1:31  Orbital Command  
  19  1:32  Reaper  
  20  1:37  Factory  
  20  1:57  SCV  
  20  1:58  Supply Depot  
  21  2:04  Reaper  
  22  2:09  SCV  
  23  2:21  Hellion  
  25  2:30  Command Center  
  25  2:36  SCV  
  26  2:39  Supply Depot  
  26  2:43  Starport, Reaper  
  27  2:50  Hellion  
  29  2:54  SCV  
  30  3:10  Barracks  
  30  3:13  Factory Tech Lab  
  30  3:17  Barracks  
  30  3:25  SCV  
  30  3:26  Barracks Reactor  
  31  3:29  Starport Tech Lab  
  31  3:32  Siege Tank  
  34  3:37  SCV  
  33  3:49  SCV  
  33  3:59  Orbital Command  
  33  4:00  Banshee  
  33  4:01  Marine  
  33  4:02  SCV  
  38  4:06  Supply Depot  
  38  4:16  Marine x3  
  41  4:25  Siege Tank  
  41  4:26  SCV  
  41  4:31  Marine  
  46  4:34  Marine  
  46  4:35  Marine  
  46  4:36  Marine  
  49  4:40  SCV x2  
  51  4:46  Banshee  
  54  4:56  Marine x3  
  54  4:57  Siege Tank  
  54  4:59  Marine  
  61  5:01  SCV  
  62  5:09  Supply Depot  
  62  5:13  SCV, Marine  
  62  5:14  Supply Depot  
  64  5:15  SCV  
  64  5:16  Marine x2  
  64  5:17  Marine  
  68  5:26  SCV  
  69  5:31  Marine  
  69  5:32  Siege Tank  
  69  5:34  Marine x2  
  69  5:35  Marine  
  76  5:49  Marine  
  80  5:52  SCV, Marine  
  82  5:59  Supply Depot  
  74  6:22  Engineering Bay  
  74  6:25  Raven  
  68  6:28  Marine x3  
  68  6:30  Marine  
  70  6:38  Siege Tank  
  70  6:39  Supply Depot  
  73  6:46  Marine x3  
  76  6:48  Marine  
  76  6:49  Missile Turret  
  77  6:57  Missile Turret  
Tags
 
Add a new tag
Caveats
  • Supply blocks, unpowered buildings, or Contaminate may cause inaccurate times.
  • Supply counts are checked every 10 seconds.